 Dungeon Sprint DCSS version 0.31-a0-700-gf13585253f (webtiles) character file.

Game seed: 4088412705980673474

109 sircluck the Ruffian (level 4, -4/50 HPs)
             Began as a Troll Berserker on Sept 7, 2023.
             Was a Follower of Trog.
             Slain by a slime creature (10 damage)
             ... in the Dungeon (Sprint I: "Red Sonja").
             The game lasted 00:00:32 (95 turns).

sircluck the Ruffian (Troll Berserker)                Turns: 95, Time: 00:00:32

Health: -4/50      AC:  4    Str: 27    XL:     4   Next: 60%
Magic:  3/3        EV: 10    Int:  3    God:    Trog [*.....]
Gold:   162        SH:  0    Dex:  9    Spells: 3/3 levels left

rFire   . .          .
                       - Unarmed
rCold   . . .        (no shield)
rNeg    . . .        a - +0 animal skin
rPois   .            (helmet restricted)
rElec   .            (no cloak)
rCorr   .            (gloves unavailable)
SInv    .            (boots unavailable)
Will    .....        (no amulet)
Stlth   +            (no ring)
HPRegen 1.08/turn    (no ring)
MPRegen 0.08/turn

%: no teleportation
@: no status effects
A: large, unfitting armour, claws 3, regeneration 1, shaggy fur 1, tough skin 1
a: Renounce Religion, Berserk


You were in the Dungeon.
You worshipped Trog.
Trog was aware of your devotion.
You visited 1 branch You collected 162 gold pieces.

Inventory:

Armour
 a - a +0 animal skin (worn)
Wands
 h - a wand of charming (11)
Scrolls
 g - a scroll of blinking
Potions
 b - a potion of curing
 c - a potion of heal wounds
 d - a potion of haste
 e - 2 potions of magic
 f - a potion of berserk rage


   Skills:
 + Level 5.0 Fighting
 + Level 5.0 Dodging
 + Level 6.0 Unarmed Combat


You had 3 spell levels left.
You didn't know any spells.
Your spell library was empty.

Dungeon Overview and Level Annotations

Branches:
Dungeon (1/1)

Altars:
Makhleb
Xom
Jiyva
Lugonu


Innate Abilities, Weirdness & Mutations

You are too large for most types of armour.
You have claws for hands.
Your natural rate of healing is unusually fast.
You are covered in fur. (AC +1)
You have tough skin. (AC +1)


Message History

Press: ? - help, Q - select action Shift-Dir - straight line, f - Sigmund
Aim: Sigmund, wielding a +0 scythe and wearing a +0 robe (chance to affect: 57%) Sigmund is charmed.
You swap places.
There is an open door here.
You open the door.
Found 108 gold pieces.
There is an open door here.
You now have 81 gold pieces (gained 27).
You now have 108 gold pieces (gained 27).
You now have 135 gold pieces (gained 27).
You now have 162 gold pieces (gained 27).
You open the door.
A slime creature comes into view.
Found four altars.
You swap places.
The slime creature quivers.
There is an open door here.
The slime creature hits Sigmund!
The slime creature closely misses Sigmund.
The slime creature hits Sigmund.
The slime creature hits Sigmund!
Sigmund dies!
You claw the slime creature!
The slime creature is moderately wounded.
The slime creature hits you!!
You mangle the slime creature!!
The slime creature is severely wounded.
The slime creature closely misses you.
You claw the slime creature!
The slime creature is almost dead.
The slime creature hits you!
You barely miss the slime creature.
The slime creature is almost dead.
The slime creature hits you!
* * * LOW HITPOINT WARNING * * *
You scratch the slime creature.
The slime creature is almost dead.
The slime creature hits you!
You die...

################ ##
#<.#.))..#..@J.#__#
#..'..#..'..#..'..+
#..#####'#####+#__#
#..# #..# ## #..#
#### #..# #⌠⌠# ####


You could see a slime creature.

Vanquished Creatures
  An ogre (D)
  Ijyb (D)
2 creatures vanquished.

Vanquished Creatures (others)
  Sigmund (D)
1 creature vanquished.

Grand Total: 3 creatures vanquished

Notes
Turn   | Place    | Note
-------+----------+-------------------------------------------
     0 | D        | sircluck the Troll Berserker began the quest for the Orb.
     0 | D        | Reached XP level 1. HP: 22/22 MP: 0/0
     1 | D        | Noticed Ijyb
    16 | D        | Killed Ijyb
    17 | D        | Reached skill level 4 in Unarmed Combat
    17 | D        | Reached XP level 2. HP: 17/32 MP: 1/1
    31 | D        | Noticed an ogre
    40 | D        | Killed an ogre
    41 | D        | Reached skill level 5 in Fighting
    41 | D        | Reached skill level 5 in Dodging
    41 | D        | Reached skill level 6 in Unarmed Combat
    41 | D        | Reached XP level 3. HP: 20/42 MP: 2/2
    41 | D        | Reached XP level 4. HP: 24/50 MP: 3/3
    65 | D        | Noticed Sigmund
    82 | D        | Found a burning altar of Makhleb.
    82 | D        | Found a viscous altar of Jiyva.
    82 | D        | Found a shimmering altar of Xom.
    82 | D        | Found a corrupted altar of Lugonu.
    82 | D        | Noticed a slime creature
    89 | D        | Your ally Sigmund died
    95 | D        | Slain by a slime creature

Illustrated notes

Levels and vault maps discovered:
D:        dungeon_sprint_1 [red_sonja_temple_1, red_sonja_temple_small_1]

Skill      XL: |  1  2 |
---------------+-------+-----
Fighting       | 3 5 |  5.0
Dodging        | 3 5 |  5.0
Unarmed Combat | 4 6 |  6.0

Action                     |  1- 3 |  4- 6 || total
---------------------------+-------+-------++-------
  Melee: Unarmed           |    18 |     5 ||    23
         Punch             |     1 |       ||     1
  Evoke: Wand              |     1 |     1 ||     2
 Armour: Animal skin       |    10 |     4 ||    14
  Dodge: Dodged            |     6 |     1 ||     7

Table legend: (Time is in decaauts)
 A = Elapsed time spent in this place.
 B = Non-inter-level travel time spent in this place.
 C = Inter-level travel time spent in this place.
 D = Time resting spent in this place.
 E = Time spent auto-exploring this place.
 F = Levels seen in this place.
 G = Mean time per level.
                   A        B        C        D        E       F      G
               +--------+--------+--------+--------+--------+-----+--------+
         Total |     93 |     93 |      0 |     23 |      1 |   1 |   93.0 |
       Dungeon |     93 |     93 |      0 |     23 |      1 |   1 |   93.0 |
               +--------+--------+--------+--------+--------+-----+--------+

Top non-repeatable levels by time:
       D: 93 daAuts
